 Dungeon Crawl Stone Soup version 0.28-b1-25-g9875b3fc8c (webtiles) character file.

Game seed: 15737176519003030250

429 CuBeRJAN3 the Magician (level 6, -24/35 HPs)
             Began as a Deep Elf Fire Elementalist on Jan 31, 2022.
             Annihilated by an ogre (30 damage)
             ... on level 4 of the Dungeon.
             The game lasted 00:08:56 (3360 turns).

CuBeRJAN3 the Magician (Deep Elf Fire Elementalist) Turns: 3360, Time: 00:08:56

Health: -24/35     AC:  4    Str:  5    XL:     6   Next: 66%
Magic:  9/15       EV: 13    Int: 28    God:
Gold:   121        SH:  0    Dex: 15    Spells: 5/15 levels left

rFire   . . .      SeeInvis .   i - +1 dagger (pain)
rCold   . . .      Faith    .   (no shield)
rNeg    . . .      Spirit   .   a - +2 robe
rPois   .          Reflect  .   (no helmet)
rElec   .          Harm     .   (no cloak)
rCorr   .          Rampage  .   (no gloves)
Will    .....                   (no boots)
Stlth   +++.......              (no amulet)
HPRegen 0.11/turn               c - +6 ring of intelligence
MPRegen 0.14/turn               (no ring)

@: no status effects
A: no striking features
a: no special abilities


You were on level 4 of the Dungeon.
You visited 1 branch of the dungeon, and saw 4 of its levels.

You collected 121 gold pieces.

Inventory:

Hand Weapons
 i - a +1 dagger of pain (weapon)
Armour
 a - a +2 robe (worn)
Jewellery
 c - a +6 ring of intelligence (left hand)
 f - a ring of wizardry
 h - a ring of poison resistance
Scrolls
 d - a scroll of fog
 g - a scroll of brand weapon {unknown}
 l - 3 scrolls of fear {unknown}
 n - a scroll of enchant armour
 o - a scroll of teleportation
 p - 2 scrolls of noise {unknown}
 q - a scroll of vulnerability {unknown}
 s - a scroll of blinking {unknown}
Potions
 b - a potion of resistance {unknown}
 e - a potion of curing {unknown}
 j - 2 potions of flight
 k - a potion of attraction {unknown}
 m - 2 potions of invisibility
 r - a potion of berserk rage {unknown}


   Skills:
 + Level 1.8 Fighting
 + Level 4.0 Dodging
 + Level 4.1 Stealth
 + Level 5.2 Spellcasting
 + Level 3.0 Conjurations
 + Level 4.6 Fire Magic


You had 5 spell levels left.
You knew the following spells:

 Your Spells              Type           Power      Damage    Failure   Level
a - Foxfire               Conj/Fire      100%       2x1d9     1%          1
b - Scorch                Fire           66%        2d8       1%          2
c - Inner Flame           Hex/Fire       20%        N/A       8%          3
d - Flame Wave            Conj/Fire      28%        2d8       14%         4

Your spell library contained the following spells:

 Spells                   Type           Power      Damage    Failure   Level
 Magic Dart               Conj           96%        1d7       1%          1
 Conjure Flame            Conj/Fire      28%        6-21      4%          3
 Call Imp                 Summ           7%         N/A       10%         2
 Mephitic Cloud           Conj/Pois/Air  12%        N/A       13%         3
 Call Canine Familiar     Summ           7%         N/A       21%         3
 Portal Projectile        Hex/Tloc       14%        N/A       21%         3
 Leda's Liquefaction      Hex/Erth       3%         N/A       54%         4


Dungeon Overview and Level Annotations

Branches:
Dungeon (4/15)
 Temple: D:4-7

Altars:
Dithmenos
Hepliaklqana
Nemelex Xobeh
Okawaru
Uskayaw


Message History

Press: ? - help, Q - select action, (/) - cycle Dir - look around, f - activate You conjure some foxfire!
Your foxfire dissipates!
Your foxfire dissipates!
Your foxfire dissipates!
Casting: Foxfire (safe; 1% risk of failure)
Press: ? - help, Q - select action, (/) - cycle Dir - look around, f - activate You conjure some foxfire!
The foxfire hits the ball python.
The ball python is severely wounded.
The foxfire hits the ball python.
You kill the ball python!
You start resting.
Magic restored.
An ogre comes into view. It is wielding a +0 giant spiked club.
An ogre is nearby!
A kobold comes into view. It is wielding a +0 dagger.
Found a bubbling blue potion.
The ogre shouts!
The kobold shouts!
Casting: Foxfire (safe; 1% risk of failure)
Confirm with . or Enter, or press ? or * to list all spells.
The spell is quite dangerous to miscast (14% risk of failure)!
Continue anyway?
Casting: Flame Wave (quite dangerous; 14% risk of failure)
Press: ? - help, Dir - look around, f - activate A wave of flame ripples out!
The flame wave engulfs the ogre!
The ogre is heavily wounded. (Press . to intensify the flame waves.)
A wave of flame ripples out!
The flame wave engulfs the ogre.
The ogre is severely wounded.
The ogre hits you with a +0 giant spiked club!
A wave of flame ripples out!
The flame wave engulfs the ogre!
The ogre is almost dead.
The flame wave engulfs the kobold.
The kobold is moderately wounded.
You finish channelling waves of flame.
The ogre hits you with a +0 giant spiked club!
* * * LOW HITPOINT WARNING * * *
The ogre hits you with a +0 giant spiked club!!
Ouch! That really hurt!
You die...

........#
........#
#.......#
........#
#!......#
........#
#.......#
........#
#.......#
....(...#
#...$...#
.......##
#.....K.#
..._8_.#
##....O..#
...._..#
.......@#
.......#
.######.#
.....##
#.# .....#
#.# .....#
#.# .....#
#.#
.....####
#.#
.........
#.#
......###
#.#


You could see an ogre and a kobold.

Vanquished Creatures
  An ogre (D:4)
  A scorpion (D:4)
  A bullfrog zombie (D:3)
  A hound (D:3)
  A jelly (D:4)
  An iguana (D:4)
  Terence (D:2)
  Robin (D:2)
  4 adders (D:4)
  A worm (D:3)
  4 dart slugs
  An orc (D:3)
  2 bats (D:1)
  6 endoplasms
  A giant cockroach (D:1)
  16 goblins
  6 hobgoblins
  7 jackals (D:1)
  2 quokkas (D:2)
  10 ball pythons
  3 frilled lizards (D:1)
  8 kobolds
  5 rats
84 creatures vanquished.

Vanquished Creatures (others)
  177 foxfires
  10 plants (D:2)
187 creatures vanquished.

Grand Total: 271 creatures vanquished

Notes
Turn   | Place    | Note
-------+----------+-------------------------------------------
     0 | D:1      | CuBeRJAN3 the Deep Elf Fire Elementalist began the quest
                  | for the Orb.
     0 | D:1      | Reached XP level 1. HP: 10/10 MP: 6/6
   105 | D:1      | Found a faded altar of an unknown god.
   117 | D:1      | Reached XP level 2. HP: 15/15 MP: 6/8
   444 | D:1      | Learned a level 2 spell: Scorch
   793 | D:1      | Reached XP level 3. HP: 20/20 MP: 8/10
   797 | D:1      | Learned a level 3 spell: Inner Flame
  1255 | D:2      | You fall into a shaft and drop 1 floor!
  1539 | D:3      | Reached skill level 4 in Spellcasting
  1685 | D:3      | Reached skill level 1 in Fighting
  1685 | D:3      | Reached XP level 4. HP: 25/25 MP: 7/12
  1785 | D:3      | Learned a level 4 spell: Flame Wave
  2117 | D:2      | Noticed Terence
  2125 | D:2      | Killed Terence
  2126 | D:2      | Reached XP level 5. HP: 29/29 MP: 6/13
  2237 | D:2      | Noticed Robin
  2357 | D:2      | Killed Robin
  2861 | D:4      | Found a shadowy altar of Dithmenos.
  2973 | D:4      | Found a hide-covered altar of Uskayaw.
  3079 | D:4      | Reached XP level 6. HP: 34/34 MP: 12/15
  3100 | D:4      | Reached skill level 5 in Spellcasting
  3219 | D:4      | Found an iron altar of Okawaru.
  3219 | D:4      | Found a sparkling altar of Nemelex Xobeh.
  3220 | D:4      | Found a hazy altar of Hepliaklqana.
  3360 | D:4      | Annihilated by an ogre

Illustrated notes

Levels and vault maps discovered:
D:1:      scummos_arrival_simple_fountains, layout_basic,
          shapermc_ecumenical_altar_starsandcircs
D:2:      wad_lake_hut, layout_basic, uniq_robin, uniq_terence
D:3:      layout_rooms, grunt_ministairs_2
D:4:      layout_basic, mainiacjoe_overflow_small_starburst, old_standard_altar,
          chequers_temple_overflow_statue_of_worship

Skill      XL: |  1  2  3  4  5  6 |
---------------+-------------------+-----
Spellcasting   | 4 5 |  5.2
Fighting       | 1 |  1.8
Dodging        | 3 4 |  4.0
Stealth        | 3 4 |  4.1
Conjurations   | 2 3 |  3.0
Fire Magic     | 4 |  4.6

Action                   |  1- 3 |  4- 6 || total
-------------------------+-------+-------++-------
Melee: Dagger            |     1 |       ||     1
 Cast: Foxfire           |    55 |    54 ||   109
       Scorch            |     9 |    12 ||    21
       Inner Flame       |       |     3 ||     3
       Flame Wave        |       |     1 ||     1
  Use: Scroll            |       |     6 ||     6
Armor: Robe              |     1 |     1 ||     2
Dodge: Dodged            |    12 |     2 ||    14
